 Dungeon Crawl Stone Soup version 0.19.0-2-gae57169 (webtiles) character file.

35 vev the Grave Robber (level 3, 0/19 HPs)
             Began as a Tengu Necromancer on Nov 6, 2016.
             Slain by a kobold
             ... wielding a +0 short sword
              (3 damage)
             ... on level 3 of the Dungeon.
             The game lasted 00:02:52 (1796 turns).

vev the Grave Robber (Tengu Necromancer)            Turns: 1796, Time: 00:02:53

Health: 0/19       AC:  5    Str:  9    XL:     3   Next: 33%
Magic:  6/7        EV: 11    Int: 15    God:
Gold:   96         SH:  0    Dex: 14    Spells: 1 memorised, 5 levels left

rFire  . . .     SeeInvis .     h - +0 whip
rCold  . . .     Gourm    .     o - +0 ring mail (curse)
rNeg   . . .     Faith    .     (no shield)
rPois  .         Spirit   .     (helmet restricted)
rElec  .         Reflect  .     (no cloak)
rCorr  .         Harm     .     (no gloves)
MR     .....                    (boots unavailable)
Stlth  ++........               (no amulet)
                                (no ring)
                                (no ring)

@: no status effects
A: beak, talons 3
a: no special abilities


You were on level 3 of the Dungeon.
You were not hungry.

You visited 1 branch of the dungeon, and saw 3 of its levels.

You collected 96 gold pieces.

Inventory:

Hand Weapons
 h - a +0 whip (weapon)
Armour
 a - a +0 robe
 k - a cursed +0 ring mail
 o - a cursed +0 ring mail (worn)
Scrolls
 f - a scroll of magic mapping
 j - a scroll of remove curse
 l - a scroll of enchant weapon
 r - a scroll of recharging
Potions
 e - 2 potions of curing
 g - a potion of resistance
 q - a potion of flight
Books
 b - a book of Necromancy

   Spells                             Type                      Level
   a - Pain                           Necromancy                   1
   b - Animate Skeleton               Necromancy                   1
   c - Vampiric Draining              Necromancy                   3
   d - Regeneration                   Charms/Necromancy            3
   e - Animate Dead                   Necromancy                   4
   f - Control Undead                 Necromancy                   4
Comestibles
 c - 4 bread rations
 i - a meat ration
 n - a beef jerky
 p - a slice of pizza


   Skills:
 + Level 2.6 Dodging
 + Level 2.8 Stealth
 + Level 2.2 Spellcasting
 + Level 4.7 Necromancy


You had 5 spell levels left.
You knew the following spells:

 Your Spells              Type           Power        Failure   Level  Hunger
a - Pain                  Necr           ###.         12%         1    #......


Dungeon Overview and Level Annotations

Branches:
Dungeon (3/15)

Altars:
Elyvilon
Hepliaklqana
Okawaru
Trog


Innate Abilities, Weirdness & Mutations

You have a beak for a mouth.
You have claws for feet.


Message History

The rat misses you. The kobold hits you with a short sword.
You hit the rat.
You kill the rat!
The kobold hits you with a short sword.
You are too injured to fight recklessly!
You are too injured to fight recklessly!
You are too injured to fight recklessly!
You closely miss the kobold. The kobold hits you with a short sword.
* * * LOW HITPOINT WARNING * * *
You hit the kobold. Your kick misses the kobold. Your peck misses the kobold.
The kobold is moderately wounded.
The kobold hits you with a short sword.
* * * LOW HITPOINT WARNING * * *
Casting: Pain
Confirm with . or Enter, or press ? or * to list all spells.
Aiming: Pain
Press: ? - help, Shift-Dir - straight line, f - kobold
Aim: a kobold, wielding a short sword (moderately wounded, chance to defeat MR: 85%)
The kobold writhes in agony!
The kobold hits you with a short sword.
You die...

....# .....
#######....#.
............
##...........
#............
#............
#...<.†......
#...(@...(...
#.....K......
#............
#............
#............
#............
#............
#.######+####


You could see a kobold.

Vanquished Creatures
  An adder (D:2)
  A leopard gecko (D:1)
  3 bats
  3 goblins
  3 hobgoblins
  4 jackals
  2 frilled lizards
  2 kobolds
  4 rats
23 creatures vanquished.

Notes
Turn   | Place    | Note
-------+----------+-------------------------------------------
     0 | D:1      | vev the Tengu Necromancer began the quest for the Orb.
     0 | D:1      | Reached XP level 1. HP: 10/10 MP: 4/4
   281 | D:1      | Reached XP level 2. HP: 8/15 MP: 1/6
   869 | D:2      | Found a bloodstained altar of Trog.
   872 | D:2      | Found a white marble altar of Elyvilon.
   875 | D:2      | Found a hazy altar of Hepliaklqana.
  1113 | D:2      | Found a faded altar of an unknown god.
  1212 | D:2      | Found an iron altar of Okawaru.
  1255 | D:2      | Reached XP level 3. HP: 15/19 MP: 3/7
  1796 | D:3      | Slain by a kobold

Action                   || total
-------------------------++-------
Melee: Whip              ||    53
       Kick              ||     8
       Peck              ||     2
 Cast: Pain              ||    27
  Use: Potion            ||     1
       Scroll            ||     8
  Eat: Chunk             ||     3
Armor: Robe              ||     5
       Ring mail         ||    22
Dodge: Dodged            ||    65
